 Dungeon Crawl Stone Soup version 0.31-a0-221-gbddc013574 (webtiles) character file.

Game seed: 15951122996593240557

39 qw the Shooter (level 3, -1/21 HPs)
             Began as a Gargoyle Hexslinger on July 3, 2023.
             Slain by Natasha (4 damage)
             ... on level 2 of the Dungeon.
             The game lasted 00:00:23 (1100 turns).

qw the Shooter (Gargoyle Hexslinger)                Turns: 1100, Time: 00:00:24

Health: -1/21      AC:  6    Str: 11    XL:     3   Next: 47%
Magic:  4/4        EV: 11    Int: 13    God:
Gold:   70         SH:  0    Dex: 14    Spells: 3/4 levels left

rFire   . . .        Y - +1 sling
rCold   . . .        (no shield)
rNeg    + . .        f - +0 leather armour
rPois   inf          (no helmet)
rElec   +            (no cloak)
rCorr   .            (no gloves)
SInv    .            (no boots)
Will    .....        (no amulet)
Stlth   +            (no ring)
HPRegen 0.23/turn    (no ring)
MPRegen 0.09/turn

%: no passive effects
@: slowed, very slow
A: sickness immunity, AC +3, negative energy resistance 1, electricity
resistance, torment resistance 1, petrification resistance
a: no special abilities


You were on level 2 of the Dungeon.
You visited 1 branch of the dungeon, and saw 2 of its levels.

You collected 70 gold pieces.


Innate Abilities, Weirdness & Mutations

You are immune to sickness and miasma.
Your stone body is resilient. (AC +3)
You are immune to poison.
You resist negative energy. (rN+)
You are resistant to electric shocks. (rElec)
You are resistant to unholy torment.
You are immune to petrification.


   Skills:
 - Level 2.0 Fighting
 + Level 3.4 Ranged Weapons
 - Level 1.5 Dodging
 - Level 1.0 Spellcasting
 - Level 2.6 Hexes


You had 3 spell levels left.
You knew the following spells:

 Your Spells              Type           Power      Damage    Failure   Level
a - Slow                  Hex            28%        N/A       12%         1

Your spell library contained the following spells:

 Spells                   Type           Power      Damage    Failure   Level
 Inner Flame              Hex/Fire       4%         N/A       54%         3
 Portal Projectile        Hex/Tloc       8%         N/A       54%         3
 Cause Fear               Hex            3%         N/A       77%         4

Inventory:

Hand Weapons
 Y - a +1 sling (weapon)
Armour
 a - the +2 pair of gloves of Qazlal's Displeasure {Harm *Corrode Will+ Slay+3}
   (You acquired it on level 1 of the Dungeon)

   Slay:      It affects your accuracy & damage with ranged weapons and melee
   (+3).
   *Corrode:  It may corrode you when you take damage.
   Harm:      It increases damage dealt and taken.
   Will:      It increases your willpower.
 f - a +0 leather armour (worn)
Jewellery
 c - a ring of magical power
 g - a ring of flight
 l - a +6 ring of intelligence
Scrolls
 b - a scroll of identify {unknown}
 j - a scroll of butterflies {unknown}
 k - a scroll of blinking {unknown}
Potions
 d - a potion of attraction {unknown}
 e - a potion of heal wounds
 h - a potion of cancellation {unknown}
 i - a potion of mutation {unknown}

Dungeon Overview and Level Annotations

Branches:
Dungeon (2/15)

Altars:

Shops:
D:1 =

Annotations:
D:2 Natasha


Message History

You shoot a sling bullet. The sling bullet barely misses Natasha.
Natasha claws you but does no damage.
You shoot a sling bullet.
The sling bullet closely misses Natasha.
Natasha closely misses you.
You shoot a sling bullet. The sling bullet barely misses Natasha.
Natasha mumbles some strange words.
You feel troubled. Natasha casts a spell at you.
You feel yourself slow down.
You shoot a sling bullet. The sling bullet hits Natasha.
Natasha is moderately wounded.
Natasha claws you. Natasha barely misses you.
You shoot a sling bullet.
The sling bullet hits Natasha but does no damage.
Natasha is moderately wounded.
Natasha claws you but does no damage.
Natasha mumbles some strange words.
You shoot a sling bullet. The sling bullet hits Natasha.
Natasha is heavily wounded.
Natasha claws you but does no damage. x2
The cerulean imp hits you from afar with a +0 spear.
You shoot a sling bullet.
The sling bullet closely misses Natasha.
Natasha completely misses you. The cerulean imp barely misses you.
Natasha claws you.
The cerulean imp hits you from afar with a +0 spear.
You shoot a sling bullet.
The sling bullet hits Natasha but does no damage.
Natasha is heavily wounded.
Natasha claws you but does no damage.
The cerulean imp hits you but does no damage.
Natasha claws you.
You shoot a sling bullet. The sling bullet hits Natasha.
Natasha is severely wounded.
The cerulean imp hits you but does no damage.
Natasha claws you.
The cerulean imp hits you but does no damage.
Natasha claws you.
You die...

#..##.# #..####..###
##..##.######..####..###
#.......................
##.....##.###..####.....
##.##.##.# #..####..###
#.##.##.# #...........
#.##.##.# #.#####..###
###.##.##.###.#####.# #
#....5.@............# #
###.##h##.########### #
#. #.# # .. #.# # ###
#.# # ### # #


You could see Natasha and a cerulean imp (summoned).

Vanquished Creatures
  An adder (D:2)
  A worm (D:2)
  4 bats
  3 endoplasms (D:1)
  A giant cockroach (D:1)
  A hobgoblin (D:1)
  3 kobolds (D:1)
  A quokka (D:1)
  3 ball pythons
  3 frilled lizards
  5 goblins
  A rat (D:1)
27 creatures vanquished.

Notes
Turn   | Place    | Note
-------+----------+-------------------------------------------
     0 | D:1      | qw the Gargoyle Hexslinger began the quest for the Orb.
     0 | D:1      | Reached XP level 1. HP: 12/12 MP: 2/2
     0 | D:1      | 0 ||| qw: Version: 0.3-a-40-ge99b1a8
     0 | D:1      | 0 ||| qw: Game counter: 573
     0 | D:1      | 0 ||| qw: Melee chars always use a shield: true
     0 | D:1      | 0 ||| qw: God list: Okawaru
     0 | D:1      | 0 ||| qw: Allow faded altars: false
     0 | D:1      | 0 ||| qw: Do Orc after clearing Dungeon:15 true
     0 | D:1      | 0 ||| qw: Do second Lair branch before Depths: true
     0 | D:1      | 0 ||| qw: Lair rune preference: random
     0 | D:1      | 0 ||| qw: Goals: Normal
     0 | D:1      | 0 ||| PLANNING D:1-11
    66 | D:1      | Found Iriagiom's Jewellery Shoppe.
    70 | D:1      | 70 ||| SHOPLISTING +6 ring of dexterity (432 gold, have
                  | 18).
    70 | D:1      | 70 ||| SHOPLISTING amulet of faith (480 gold, have 18).
    70 | D:1      | 70 ||| SHOPLISTING ring "Faladit" {Str+6 Int+3} (591 gold,
                  | have 18).
    70 | D:1      | 70 ||| SHOPLISTING ring of protection from cold (300 gold,
                  | have 18).
    70 | D:1      | 70 ||| SHOPLISTING ring of willpower (300 gold, have 18).
    81 | D:1      | Reached XP level 2. HP: 16/16 MP: 3/3
   137 | D:1      | Reached skill level 3 in Ranged Weapons
   455 | D:1      | 455 ||| UPGRADING to +0 leather armour.
   465 | D:1      | 465 ||| DROPPING +0 robe.
   466 | D:1      | 466 ||| READING scroll labelled NUUNKA YDYARPH.
   471 | D:1      | 471 ||| READING scroll labelled NAXANI METH.
   471 | D:1      | Identified a scroll of acquirement
   471 | D:1      | 471 ||| ACQUIRING +2 pair of gloves of Qazlal's Displeasure
                  | {Harm *Corrode Will+ Slay+3}
   471 | D:1      | Acquired the +2 pair of gloves of Qazlal's Displeasure
                  | {Harm *Corrode Will+ Slay+3}
   473 | D:1      | 473 ||| READING scroll labelled KATUAK DU UWAL.
   486 | D:1      | 486 ||| DRINKING 2 cyan potions.
   487 | D:1      | 487 ||| DRINKING 2 fizzy emerald potions.
   488 | D:1      | 488 ||| DROPPING scroll of poison.
   489 | D:1      | 489 ||| DROPPING potion of brilliance.
   553 | D:2      | Reached XP level 3. HP: 21/21 MP: 4/4
  1088 | D:2      | Noticed Natasha
  1100 | D:2      | HP: 3/21 [Natasha (3)]
  1100 | D:2      | Slain by Natasha

Levels and vault maps discovered:
D:1:      mrwooster_arrival_statue_3, layout_rooms, serial_shops,
          nicolae_shop_gaudy_bauble
D:2:      layout_basic, uniq_natasha

Skill      XL: |  1  2 |
---------------+-------+-----
Ranged Weapons | 3 |  3.4
Fighting       | 2 |  2.0
Dodging        | |  1.5
Spellcasting   | |  1.0
Hexes          | |  2.6

Action                     || total
---------------------------++-------
   Fire: Sling             ||    81
    Use: Scroll            ||     3
         Potion            ||     2
 Armour: Robe              ||     8
         Leather armour    ||    10
  Dodge: Dodged            ||    17

Table legend:
 A = Non-vault XP
 B = Vault XP
 C = Vault XP percentage of total XP
 D = Non-vault monster count
 E = Vault monster count
 F = Vault count percentage of total count
                 A         B        C        D         E       F
            +---------+---------+-------+---------+---------+-------
      Total |      57 |       0 |   0.0 |      27 |       0 |   0.0
            +---------+---------+-------+---------+---------+-------
        D:1 |      33 |       0 |   0.0 |      21 |       0 |   0.0
        D:2 |      24 |       0 |   0.0 |       6 |       0 |   0.0
            +---------+---------+-------+---------+---------+-------
